 Dungeon Crawl Stone Soup version 0.17-a0-1378-g281efdd (webtiles) character file.

2 Gorice the Covered (level 1, 0/16 HPs)
             Began as a Ghoul Wanderer on June 14, 2015.
             Slain by a hobgoblin
             ... wielding a +0 club
              (5 damage)
             ... on level 1 of the Dungeon.
             The game lasted 00:01:09 (185 turns).

Gorice the Covered (Ghoul Wanderer)                  Turns: 185, Time: 00:01:09

Health: 0/16       AC:  2    Str: 17    XL:     1   Next: 40%
Magic:  0/0        EV: 11    Int:  5    God:
Gold:   5          SH:  0    Dex:  8    Spells: 0 memorised, 0 levels left

rFire  . . .     SeeInvis .     a - +0 mace
rCold  + . .     Clarity  .     e - +0 robe
rNeg   + + +     SustAt   .     (no shield)
rPois  ∞         Gourm    .     (no helmet)
rElec  .         Spirit   .     (no cloak)
rCorr  .         Warding  .     (no gloves)
rMut   .         Stasis   .     (no boots)
MR     .....                    (no amulet)
Stlth  +.........               (no ring)
                                (no ring)

@: rotting, not resistant to hostile enchantments, very unstealthy
A: rotting body, claws 1, carnivore 3, cold resistance 1, negative energy
resistance 3, slow healing 1, torment resistance, unbreathing
a: no special abilities


You were on level 1 of the Dungeon.
You were not hungry.

You visited 1 branch of the dungeon, and saw 1 of its levels.

You collected 5 gold pieces.

Inventory:

Hand weapons
 a - a +0 mace (weapon)
 c - a +2 dagger
Missiles
 Z - 4 stones (quivered)
Armour
 e - a +0 robe (worn)
Scrolls
 d - a scroll of teleportation {!r}
Potions
 b - a potion of heal wounds {!q}
Comestibles
 f - a meat ration {!e}
 g - a chunk of flesh


   Skills:
 - Level 1.1 Fighting
   Level 1.0(2.0) Axes
 - Level 2.6(2.8) Maces & Flails
 - Level 1.0 Throwing
 - Level 2.6 Armour
 - Level 1.1 Stealth
 * Level 0.9 Unarmed Combat


You couldn't memorise any spells.
You didn't know any spells.

Dungeon Overview and Level Annotations

Branches:
Dungeon (1/15)

Altars:


Innate Abilities, Weirdness & Mutations

Your body is rotting away.
You thrive on raw meat.
You are immune to poison.
You have sharp fingernails.
You are carnivorous and can eat meat at any time.
Your flesh is cold resistant.
You are immune to negative energy.
You heal slowly when monsters are visible.
You are immune to unholy pain and torment.
You can survive without breathing.


Message History

The hobgoblin is almost dead.
The hobgoblin hits you but does no damage.
The hobgoblin closely misses you.
You hit the hobgoblin.
You kill the hobgoblin!
No target in view!
You see here a club.
HP restored.
Found a short sword.
A kobold comes into view. It is wielding a short sword.
The kobold shouts!
The kobold throws a stone.
The stone hits you but does no damage.
You see here a stone.
The kobold throws a stone.
The stone barely misses you.
The kobold throws a stone.
The stone hits you but does no damage.
You see here a stone.
The kobold hits you with a short sword.
Damage: 3 (max 3)
You barely miss the kobold. The kobold barely misses you.
You closely miss the kobold. The kobold barely misses you.
You hit the kobold but do no damage. The kobold closely misses you.
You barely miss the kobold. The kobold completely misses you.
You closely miss the kobold. The kobold hits you with a short sword.
The kobold barely misses you.
Damage: 5 (max 5)
You thump the kobold!
You kill the kobold!
No target in view!
No target in view!
Things that are here:
a short sword; a stone You see here a stone.
Z - a stone (quivered)
Z - 2 stones (gained 1)
Z - 3 stones (gained 1)
Z - 4 stones (gained 1)
You see here a short sword.
As you open the door, it creaks loudly!
There is an open door here.
Found a stone staircase leading down.
Found a stone staircase leading down.
There is a stone staircase leading down here.
A hobgoblin comes into view. It is wielding a club.
Found a leather armour.
The hobgoblin shouts!
The hobgoblin hits you with a club.
Damage: 5 (max 5)
You hit the hobgoblin but do no damage. The hobgoblin barely misses you.
You closely miss the hobgoblin. The hobgoblin hits you with a club.
You die...

................
#..#'
#######.########
#..#. #.# #. #'
#.# # #. #.####
###### ##' #.##..
..... #.. #.##.#
#..# +.<
#.##.####..#####
#..
#.##.##..@....>#
##+
##.##.##>#[g###.#
##...#.##.#..###
#................
##.........#.....
##.#.###..#####.#
#.#.# #..# #
..... ...#
##+#.####.#


You could see a hobgoblin.

Vanquished Creatures
  A hobgoblin (D:1)
  A goblin (D:1)
  A kobold (D:1)
3 creatures vanquished.

Notes
Turn   | Place    | Note
--------------------------------------------------------------
     0 | D:1      | Gorice the Ghoul Wanderer began the quest for the Orb.
     0 | D:1      | Gorice set off with: a +2 dagger, a potion of heal wounds {!q}, a +0 mace, a scroll of teleportation {!r}, a +0 robe, a meat ration {!e}
     0 | D:1      | Reached XP level 1. HP: 16/16 MP: 0/0
   185 | D:1      | Slain by a hobgoblin

Vault maps used:
D:1:      minmay_arrival_doors

Action                   || total
-------------------------++-------
Melee: Mace              ||    12

Table legend:
 A = Turns spent in this place as a percentage of turns spent in the entire game.
 B = Non-inter-level travel turns spent in this place as a percentage of non-inter-level travel turns spent in the entire game.
 C = Inter-level travel turns spent in this place as a percentage of turns spent in this place.
 D = Turns resting spent in this place as a percentage of non-inter-level travel turns spent in this place.
 E = Turns spent auto-exploring this place as a percentage of non-inter-level travel turns spent in this place.
 F = Non-inter-level travel turns spent in this place divided by the number of levels of this place that you've seen.
                   A       B       C       D       E      F
               +-------+-------+-------+-------+-------+----------------------
         Total | 100.0 | 100.0 |   0.0 |   0.0 |  12.3 |  73.0
       Dungeon | 100.0 | 100.0 |   0.0 |   0.0 |  12.3 |  73.0
               +-------+-------+-------+-------+-------+----------------------

Vault maps used:
D:1:      minmay_arrival_doors
